 Dungeon Crawl Stone Soup version 0.29.0-4-gdea44cf6ec (webtiles) character file.

Game seed: 3625253737268528170

103 qw the Chopper (level 4, -1/26 HPs)
             Began as a Tengu Warper on Aug 28, 2022.
             Slain by an orc wizard
             ... wielding a +0 dagger
              (3 damage)
             ... on level 3 of the Dungeon.
             The game lasted 00:00:12 (2783 turns).

qw the Chopper (Tengu Warper)                       Turns: 2783, Time: 00:00:13

Health: -1/26      AC:  3    Str: 13    XL:     4   Next: 79%
Magic:  8/8        EV: 10    Int: 13    God:
Gold:   119        SH:  8    Dex: 14    Spells: 7/7 levels left

rFire   . . .      SeeInvis .   Y - +0 hand axe
rCold   . . .      Faith    .   a - +0 kite shield
rNeg    . . .      Spirit   .   b - +0 leather armour
rPois   .          Reflect  .   (helmet restricted)
rElec   .          Harm     .   (no cloak)
rCorr   .          Rampage  .   (no gloves)
Will    .....                   (boots unavailable)
Stlth   +.........              (no amulet)
HPRegen 0.08/turn               g - +4 ring of slaying {mikee}
MPRegen 0.11/turn               (no ring)

@: no status effects
A: beak, talons 3
a: no special abilities


You were on level 3 of the Dungeon.
You visited 1 branch of the dungeon, and saw 3 of its levels.

You collected 119 gold pieces.


Innate Abilities, Weirdness & Mutations

You have a beak for a mouth.
You have claws for feet.


   Skills:
 - Level 2.0 Fighting
 - Level 4.2 Axes
 - Level 1.0 Throwing
 - Level 1.1 Armour
 - Level 2.1 Dodging
 + Level 2.5 Shields
 - Level 2.0 Spellcasting
 - Level 2.4 Translocations


You had 7 spell levels left.
You didn't know any spells.
Your spell library contained the following spells:

 Spells                   Type           Power      Damage    Failure   Level
 Blink                    Tloc           14%        N/A       52%         2
 Gell's Gravitas          Tloc           7%         N/A       75%         3
 Lesser Beckoning         Tloc           7%         N/A       75%         3
 Teleport Other           Tloc           7%         N/A       75%         3
 Manifold Assault         Tloc           7%         N/A       100%        5

Inventory:

Hand Weapons
 d - a +0 club
 Y - a +0 hand axe (weapon)
Armour
 a - a +0 kite shield (worn)
 b - a +0 leather armour (worn)
Jewellery
 c - a ring of ice
 g - a +4 ring of slaying (left hand) {mikee}
Scrolls
 e - 5 scrolls of identify
Potions
 f - 2 potions of curing
 i - a potion of might

Dungeon Overview and Level Annotations

Branches:
Dungeon (3/15)

Altars:


Message History

As you read the scroll labelled RAENUO KIMEMNU, it crumbles to dust.
You feel strangely unstable.
It was a scroll of teleportation.
You start waiting.
Your surroundings suddenly seem different.
Partly explored, can't reach some places.
(D) Dungeon
Where to? (* - list waypoints, Enter - D:2, ? - help)
What level of the Dungeon? (default 1, ? - help)
There is a stone staircase leading down here.
You climb downwards.
The orc priest shouts!
The orc wizard shouts!
Found a scroll labelled PUACZA LUAFAHI.
Found a stone staircase leading down and a stone staircase leading up.
There is a stone staircase leading up here.
There are monsters nearby!
Existing waypoints: (1) D:2 (2) D:1 Assign waypoint to what number? (0-9, D - delete waypoint) Waypoint 2 re-assigned from D:1 to D:3.
Enter note: The orc priest shouts!
The orc priest calls down the wrath of Beogh upon you.
Beogh smites you!
You hit the orc priest. You claw the orc priest!
The orc priest is almost dead.
The bat closely misses you.
The orc priest miscasts a cantrip.
The orc priest mumbles some strange prayers to Beogh against you.
Beogh smites you!
You hit the orc priest.
You kill the orc priest!
You hit the bat. You block the bat's attack.
Your Shields skill increases to level 2!
You hit the orc priest. You peck the orc priest.
The orc priest is heavily wounded.
You hit the orc wizard. The bat hits you.
The orc wizard hits you with a +0 dagger.
You die...

############
##..........##
#....?<......##
.........o....#
........o.....#
.......oo.....#
........@>....#
.......b......#
.............##
##..........##
####.####### ..
###


You could see 2 orc priests, an orc wizard, an orc and a bat.

Vanquished Creatures
  An orc priest (D:3)
  2 adders (D:2)
  2 worms (D:2)
  3 dart slugs
  7 endoplasms
  A giant cockroach (D:1)
  A hobgoblin (D:2)
  6 jackals (D:1)
  4 kobolds
  A quokka (D:2)
  4 ball pythons
  3 bats (D:1)
  4 frilled lizards
  3 goblins (D:2)
  4 rats
46 creatures vanquished.

Notes
Turn   | Place    | Note
-------+----------+-------------------------------------------
     0 | D:1      | qw the Tengu Warper began the quest for the Orb.
     0 | D:1      | Reached XP level 1. HP: 12/12 MP: 4/4
     0 | D:1      | 0 ||| qw: Version: 0.1-a-89-g26bdef1
     0 | D:1      | 0 ||| qw: Game counter: 10
     0 | D:1      | 0 ||| qw: Always use a shield: true
     0 | D:1      | 0 ||| qw: God list: Okawaru
     0 | D:1      | 0 ||| qw: Allow faded altars: false
     0 | D:1      | 0 ||| qw: Do Orc after D:15 true
     0 | D:1      | 0 ||| qw: Do second Lair branch before Depths: true
     0 | D:1      | 0 ||| qw: Lair rune preference: random
     0 | D:1      | 0 ||| qw: Plans: Normal
     0 | D:1      | 0 ||| PLANNING D:1-11
    39 | D:1      | 39 ||| Stepping ~*~*~tactically~*~*~ (hiding).
   141 | D:1      | 141 ||| Stepping ~*~*~tactically~*~*~ (hiding).
   148 | D:1      | Reached skill level 3 in Axes
   148 | D:1      | Reached XP level 2. HP: 17/17 MP: 6/6
   682 | D:1      | Reached XP level 3. HP: 12/21 MP: 7/7
   683 | D:1      | HP: 4/21 [jackal (3)]
  1084 | D:1      | 1084 ||| UPGRADING to +4 ring of slaying {mikee}.
  1085 | D:1      | 1085 ||| READING scroll labelled BAISISS JIREBUSUGH.
  1086 | D:1      | 1086 ||| READING 6 scrolls labelled ODUPRO IPAHI.
  1087 | D:1      | 1087 ||| READING scroll labelled NIXZOIKACO.
  1088 | D:1      | 1088 ||| DRINKING 2 dark potions.
  1089 | D:1      | 1089 ||| READING 5 scrolls of identify.
  1089 | D:1      | 1089 ||| IDENTIFYING viscous red potion
  1090 | D:1      | 1090 ||| READING 4 scrolls of identify.
  1090 | D:1      | 1090 ||| IDENTIFYING yellow potion
  1091 | D:1      | 1091 ||| DROPPING scroll of blinking.
  1092 | D:1      | 1092 ||| DROPPING potion of magic.
  1189 | D:2      | Reached skill level 4 in Axes
  1241 | D:2      | 1241 ||| Stepping ~*~*~tactically~*~*~ (hiding).
  1343 | D:2      | 1343 ||| Stepping ~*~*~tactically~*~*~ (hiding).
  1445 | D:2      | 1445 ||| Stepping ~*~*~tactically~*~*~ (hiding).
  1458 | D:2      | 1458 ||| Stepping ~*~*~tactically~*~*~ (stealth).
  1462 | D:2      | 1462 ||| Stepping ~*~*~tactically~*~*~ (stealth).
  1465 | D:2      | 1465 ||| Stepping ~*~*~tactically~*~*~ (stealth).
  1467 | D:2      | 1467 ||| Stepping ~*~*~tactically~*~*~ (hiding).
  1468 | D:2      | 1468 ||| Stepping ~*~*~tactically~*~*~ (hiding).
  1486 | D:2      | 1486 ||| FLEEEEING.
  1492 | D:2      | 1492 ||| STAIRDANCE
  1649 | D:1      | 1649 ||| UPGRADING to +0 kite shield.
  1948 | D:2      | 1948 ||| Stepping ~*~*~tactically~*~*~ (stealth).
  1953 | D:2      | 1953 ||| Stepping ~*~*~tactically~*~*~ (stealth).
  1954 | D:2      | 1954 ||| Stepping ~*~*~tactically~*~*~ (stealth).
  1958 | D:2      | 1958 ||| Stepping ~*~*~tactically~*~*~ (stealth).
  1969 | D:2      | Reached skill level 1 in Shields
  1969 | D:2      | Reached XP level 4. HP: 12/26 MP: 8/8
  2766 | D:2      | 2766 ||| READING scroll labelled OBUSENU LUEH.
  2767 | D:2      | 2767 ||| READING scroll labelled RAENUO KIMEMNU.
  2781 | D:3      | HP: 2/26 [orc priest/divine providence (12)]
  2783 | D:3      | Slain by an orc wizard

Levels and vault maps discovered:
D:1:      ncdulo_watergridlock, layout_rooms, minmay_pentomino_u4
D:2:      layout_loops_ring, chequers_serial_rivers_large_a, skrybe_limestone_x,
          columned_hall_lemuel
D:3:      layout_rooms, lemuel_doored_altar, nicolae_overflow_crystal_walls,
          uniq_jessica

Skill      XL: |  1  2  3  4 |
---------------+-------------+-----
Axes           | 3 4 |  4.2
Shields        | 1 2 |  2.5
Fighting       | |  2.0
Throwing       | |  1.0
Armour         | |  1.1
Dodging        | |  2.1
Spellcasting   | |  2.0
Translocations | |  2.4

Action                   |  1- 3 |  4- 6 || total
-------------------------+-------+-------++-------
Melee: Hand axe          |    70 |    15 ||    85
       Kick              |    16 |     2 ||    18
       Peck              |    11 |     4 ||    15
Throw: Boomerang         |     7 |       ||     7
  Use: Scroll            |     5 |     2 ||     7
       Potion            |     1 |       ||     1
Armor: Leather armour    |    15 |     1 ||    16
Dodge: Dodged            |    46 |     5 ||    51
Block: Kite shield       |       |     3 ||     3

Table legend:
 A = Non-vault XP
 B = Vault XP
 C = Vault XP percentage of total XP
 D = Non-vault monster count
 E = Vault monster count
 F = Vault count percentage of total count
                 A         B        C        D         E       F
            +---------+---------+-------+---------+---------+-------
      Total |     142 |       6 |   4.1 |      43 |       3 |   6.5
            +---------+---------+-------+---------+---------+-------
        D:1 |      36 |       6 |  14.3 |      20 |       3 |  13.0
        D:2 |      65 |       0 |   0.0 |      22 |       0 |   0.0
        D:3 |      41 |       0 |   0.0 |       1 |       0 |   0.0
            +---------+---------+-------+---------+---------+-------
